 Dungeon Crawl Stone Soup version 0.28.0-53-g5a82cb258f (console) character file.

Game seed: 3204647850467028543

36 erker the Sneak (level 3, -1/21 HPs)
             Began as an Octopode Earth Elementalist on July 10, 2022.
             Killed from afar by a dart slug (2 damage)
             ... with a slug dart
             ... on level 2 of the Dungeon.
             The game lasted 00:02:47 (1327 turns).

erker the Sneak (Octopode Earth Elementalist)       Turns: 1327, Time: 00:02:48

Health: -1/21      AC:  1    Str:  7    XL:     3   Next: 37%
Magic:  6/6        EV: 13    Int: 19    God:
Gold:   18         SH:  0    Dex: 12    Spells: 3/6 levels left

rFire   . . .      SeeInvis .   j - +4 short sword
rCold   . . .      Faith    .   (no shield)
rNeg    . . .      Spirit   .   (helmet restricted)
rPois   .          Reflect  .   (no amulet)
rElec   .          Harm     .   (no ring)
rCorr   .          Rampage  .   (no ring)
Will    .....                   (no ring)
Stlth   +++.......              (no ring)
HPRegen 0.07/turn               (no ring)
MPRegen 0.10/turn               (no ring)
                                (no ring)
                                (no ring)

@: no status effects
A: almost no armour, amphibious, 8 rings, camouflage 1, gelatinous body 1,
(nimble swimmer 1), tentacles
a: no special abilities


You were on level 2 of the Dungeon.
You visited 1 branch of the dungeon, and saw 2 of its levels.

You collected 18 gold pieces.

Inventory:

Hand Weapons
 j - a +4 short sword (weapon)
Missiles
 b - 59 stones
 i - 4 poisoned darts
 k - 17 bolts
Scrolls
 a - a scroll of teleportation {unknown}
 c - a scroll of fear {unknown}
 d - a scroll of magic mapping {unknown}
 h - a scroll of fog {unknown}
Potions
 e - 2 potions of curing {unknown}
 f - a potion of haste {unknown}
 g - a potion of heal wounds {unknown}


   Skills:
 - Level 2.0 Short Blades
 - Level 2.0 Dodging
 - Level 4.0 Stealth
 - Level 2.0 Spellcasting
 - Level 1.0 Transmutations
 + Level 3.1 Earth Magic


You had 3 spell levels left.
You knew the following spells:

 Your Spells              Type           Power      Damage    Failure   Level
a - Sandblast             Erth           26%        2d8       4%          1
b - Passwall              Tmut/Erth      7%         N/A       11%         2

Your spell library contained the following spells:

 Spells                   Type           Power      Damage    Failure   Level
 Stone Arrow              Conj/Erth      14%        3d7       26%         3
 Petrify                  Tmut/Erth      9%         N/A       58%         4


Dungeon Overview and Level Annotations

Branches:
Dungeon (2/15)

Altars:


Innate Abilities, Weirdness & Mutations

You cannot wear most types of armour.
You are amphibious.
You can wear up to eight rings at the same time.
Your skin changes colour to match your surroundings (Stealth+).
Your rubbery body absorbs attacks. (AC +1, EV +1)
((You are camouflaged when in or above water. (Stealth+)))
You have tentacles for arms and can constrict up to eight enemies at once.


Message History

You puncture the endoplasm!
You kill the endoplasm!
h - a scroll labelled XEATSOUFEP
b - 59 stones (gained 23)
Found 17 bolts.
You now have 18 gold pieces (gained 12).
An adder comes into view.
You see here 17 bolts.
k - 17 bolts
There are no items here.
A hobgoblin comes into view.
The hobgoblin shouts!
You closely miss the hobgoblin. You grab the hobgoblin.
You squeeze the hobgoblin.
You kill the hobgoblin!
Found a stone staircase leading down.
A quokka comes into view.
Found 11 gold pieces.
Found a stone staircase leading up.
A worm comes into view.
An endoplasm comes into view.
Found a robe.
A dart slug comes into view.
The helpless quokka fails to defend itself.
You puncture the quokka!
You kill the quokka!
You hit the worm. You grab the worm.
The worm is lightly wounded.
You constrict the worm. The worm bites you!
You hit the worm.
The worm is moderately wounded.
You constrict the worm. You hit the worm.
The worm is severely wounded.
You constrict the worm. The worm bites you!
Ouch! That really hurt!
* * * LOW HITPOINT WARNING * * *
You release your grip on the worm.
The dart slug launches a dart at you. The slug dart hits you.
You die...

#.# # ... .# ####.###.##
#.........## #..........#
#..........# #.ww$..<...#
#..........# #.@.......##
#.........# ###.........#
#..........[#
#############.###.#.##.##
#...............#.#.# .#
#.###########.#.#.#.# .
..# #.....#.# # ###
###..>.


You could see a worm and a dart slug.

Vanquished Creatures
  A dart slug (D:1)
  2 ball pythons (D:1)
  5 endoplasms
  2 giant cockroaches (D:1)
  4 goblins (D:1)
  3 hobgoblins
  3 jackals (D:1)
  2 quokkas
  A bat (D:1)
  3 frilled lizards (D:1)
  3 kobolds (D:1)
  2 rats (D:1)
31 creatures vanquished.

Notes
Turn   | Place    | Note
-------+----------+-------------------------------------------
     0 | D:1      | erker the Octopode Earth Elementalist began the quest for
                  | the Orb.
     0 | D:1      | Reached XP level 1. HP: 11/11 MP: 3/3
    42 | D:1      | Reached skill level 3 in Stealth
   330 | D:1      | Reached XP level 2. HP: 17/17 MP: 5/5
   333 | D:1      | Learned a level 2 spell: Passwall
   357 | D:1      | Reached skill level 1 in Short Blades
   531 | D:1      | Reached skill level 4 in Stealth
   606 | D:1      | Reached XP level 3. HP: 20/21 MP: 2/6
   754 | D:1      | Found a faded altar of an unknown god.
  1326 | D:2      | HP: 1/21 [worm (11)]
  1327 | D:2      | Killed from afar by a dart slug

Illustrated notes

Levels and vault maps discovered:
D:1:      dpeg_arrival_windows_large_door, layout_basic,
          hellmonk_ecumenical_altar_blasted, patterned_corridor
D:2:      layout_loops_ring, serial_shops, shop

Skill      XL: |  1  2  3 |
---------------+----------+-----
Stealth        | 3 4 |  4.0
Short Blades   | 1 2 |  2.0
Dodging        | |  2.0
Spellcasting   | |  2.0
Transmutations | |  1.0
Earth Magic    | |  3.1

Action                   || total
-------------------------++-------
Melee: Short sword       ||    44
       Unarmed           ||     5
       Constrict         ||    11
       Tentacles         ||     4
       Dagger            ||     1
 Cast: Sandblast         ||    11
 Stab: Sleeping          ||     9
Armor: Skin              ||     2
Dodge: Dodged            ||    28
